[Event "Late-Titled-Tuesday-Blitz-March-19-2024"]
[Site "Chess.com"]
[Date "2024.03.19"]
[Round "4"]
[White "ameetghasi100"]
[Black "RantomOpening"]
[Result "1/2-1/2"]
[WhiteElo "2784"]
[BlackElo "2596"]
[TimeControl "180+1"]
[EndTime "14:39:37 PDT"]
[Termination "Game drawn by repetition"]

1. c3 d5 2. d4 e6 3. Bf4 Bd6 4. Bg3 Nf6 5. e3 O-O 6. Nd2 c5 7. Bd3 Qc7 8. Ngf3 Nbd7 9. O-O e5 10. dxe5 Nxe5 11. Nxe5 Bxe5 12. Qa4 Bd7 13. Qh4 Bxg3 14. Qxg3 Qxg3 15. hxg3 Bc6 16. Rad1 Rad8 17. Rfe1 Rfe8 18. Bb1 Kf8 19. f3 g6 20. g4 d4 21. cxd4 cxd4 22. e4 Ba4 23. Rc1 Rc8 24. g5 Nh5 25. Kf2 Nf4 26. Rh1 Kg7 27. Rxc8 Rxc8 28. g3 Ne6 29. f4 Bc2 30. Rc1 d3 31. Ke3 Rc6 32. Bxc2 Rxc2 33. Rxc2 dxc2 34. Nb3 Nc5 35. Nc1 f6 36. gxf6+ Kxf6 37. Kd4 Ne6+ 38. Kd3 g5 39. f5 Nc5+ 40. Kd4 Nd7 41. Kd3 Nc5+ 42. Kd4 Nd7 43. Kd3 Ke5 44.
Ke3 h5 45. Nd3+ Kf6 46. Kd2 Ne5 47. Nf2 g4 48. Kxc2 h4 49. gxh4 g3 50. Nh3 g2 51.
Ng1 Nc4 52. b3 Nd6 53. Kd3 Ke5 54. h5 Nxe4 55. h6 Nf6 56. Ke3 Ng4+ 57. Kf3 Nxh6 58. Kxg2 Nxf5 59. Kf3 Kd4 60. Kf4 Nd6 61. Ne2+ Kd3 62.
Ng3 Kc3 63. Ke5 Nb5 64. Ne4+ Kb2 65. Nc5 b6 66. Na6 Kxa2 67. b4 Kb3 68. Kd5 Nc3+ 69. Kc6 Kc4 70. Kb7 Nd5 71. Kxa7 b5 72. Kb7 Nc3 73.
Kc6 Nd5 74. Kb7 Kc3 75. Kc6 Kc4 76. Kb7 1/2-1/2

[Event "Late-Titled-Tuesday-Blitz-March-19-2024"]
[Site "Chess.com"]
[Date "2024.03.19"]
[Round "4"]
[White "GMBenjaminBok"]
[Black "Onischuk_V"]
[Result "1/2-1/2"]
[WhiteElo "2965"]
[BlackElo "2808"]
[TimeControl "180+1"]
[EndTime "14:39:38 PDT"]
[Termination "Game drawn by repetition"]

1. d4 d6 2. Nf3 g6 3. c4 Bg7 4.
Nc3 e5 5. dxe5 dxe5 6. Qxd8+ Kxd8 7. Be3 f6 8. O-O-O+ Nd7 9. g4 Nh6 10. g5 Ng4 11.
gxf6 Bxf6 12. Bg5 Bxg5+ 13. Nxg5 Nxf2 14. Nf7+ Ke7 15. Nxh8 Nf6 16. Bg2 Be6 17. Nxg6+ hxg6 18. Bxb7 Rh8 19. b3 N6g4 20. Nb5 Nxd1 21. Rxd1 Rxh2 22.
Nxc7 Ne3 23. Rd2 g5 24. Kb2 g4 25. Kc3 g3 26. Nxe6 Kxe6 27. Kd3 g2 28. Bxg2 Nxg2 29.
Kc3 Nf4 30. e3 Rxd2 31. Kxd2 Nh5 32. Kd3 Nf6 33. b4 Kd6 34. a3 Kc6 35. Kc3 Ne4+ 36. Kd3 Nf6 37. Kc3 a6 38. Kd3 Kd6 39. Kc3 Ne4+ 40.
Kd3 Nf2+ 41. Ke2 Ng4 42. Kd3 Nf6 43. Kc3 Ke6 44. Kd3 Ne8 45. a4 Nd6 46. c5 Nf5 47. e4 Ne7 48. b5 axb5 49. axb5 Kd7 50. Kc4 Kc7 51. Kb4 Kb7 52. Kc4 Kc7 53. Kb3 Kb7 54.
Kc3 Kc7 55. Kc4 Kb7 56. Kb4 Kc7 57. Kc4 Kb7 58. Kb4 Kc7 59. Kc4 1/2-1/2

[Event "Late-Titled-Tuesday-Blitz-March-19-2024"]
[Site "Chess.com"]
[Date "2024.03.19"]
[Round "4"]
[White "Sanyura"]
[Black "chess_blitz00"]
[Result "1-0"]
[WhiteElo "2639"]
[BlackElo "2439"]
[TimeControl "180+1"]
[EndTime "14:39:39 PDT"]
[Termination "Sanyura won on time"]

1. Nf3 d6 2. g3 Nc6 3. c4 Bd7 4.
Bg2 Qc8 5. O-O g6 6. d4 Bg7 7. Nc3 Bh3 8. d5 Ne5 9. Nxe5 Bxe5 10. f4 Bg7 11. e4 h5 12. f5 Bxg2 13. Kxg2 Qd7 14.
Be3 a6 15. c5 dxc5 16. Bxc5 Nf6 17. e5 Ng4 18. e6 fxe6 19. fxe6 Qd6 20. Bxd6 Ne3+ 21.
Kf3 Nxd1 22. Bxc7 Nxb2 23. Ne4 O-O+ 24. Ke2 Nc4 25. Rxf8+ Rxf8 26. Rc1 b5 27. a4 Rc8 28. axb5 axb5 29. Bf4 Rd8 30. d6 exd6 31. Rb1 Re8 32. Rxb5 Rxe6 33. Rb8+ Kf7 34. Kf3 Ne5+ 35. Bxe5 Rxe5 36.
Nxd6+ Ke6 37. Ne4 Rf5+ 38. Ke2 Be5 39. Rb6+ Kf7 40. h3 Kg7 41. Rb7+ Rf7 42. Rb6 Re7 43. Kf3 Rf7+ 44. Kg2 Re7 45. Rc6 Bd4 46. Ng5 Re2+ 47. Kf3 Re3+ 48. Kf4 Rd3 49. Ke4 Rxg3 50. Ne6+ Kh6 51.
Kxd4 Rxh3 52. Nf4 Rh4 53. Ke5 Rg4 54. Rc8 Kg5 55. Rc4 Kh4 56. Nxg6+ Kg5 57. Nf4 Kh4 58. Rc1 Kg5 59. Ne6+ Kg6 60. Rc6 Kh7 61. Kf6 Rg6+ 62. Kf5 1-0

[Event "Late-Titled-Tuesday-Blitz-March-19-2024"]
[Site "Chess.com"]
[Date "2024.03.19"]
[Round "4"]
[White "andrzej"]
[Black "Kostukov_Alex"]
[Result "1-0"]
[WhiteElo "2515"]
[BlackElo "2274"]
[TimeControl "180+1"]
[EndTime "14:39:39 PDT"]
[Termination "andrzej won on time"]

1. e4 c5 2. Nf3 g6 3. d4 cxd4 4. Nxd4 Bg7 5. c4 Nc6 6. Be3 Nf6 7. Nc3 Nxd4 8. Bxd4 Qa5 9. e5 Ne4 10. Bd3 Nxc3 11.
Bxc3 Qc7 12. Qe2 O-O 13. O-O d6 14. exd6 Qxd6 15. Bxg7 Kxg7 16. Rfe1 Be6 17. Rad1 Qc5 18. b3 Rad8 19. Be4 b6 20. h4 h5 21. Qb2+ Kh7 22. Qe2 Kg7 23. Rd3 Rxd3 24. Qxd3 Qe5 25. Re2 Qf6 26. g3 Bg4 27. Rd2 Rc8 28. Qe3 Rc5 29. Kg2 Re5 30. Qd4 Kh7 31. f3 Bf5 32. Bxf5 Re2+ 33. Kf1 Rxd2 34. Qxd2 Qxf5 35. Kg2 Qc5 36. Qc3 a5 37. Qb2 a4 38. Qe2 a3 39.
Qd2 Qe5 40. Kf2 Qb2 41. Ke2 Qe5+ 42. Kf2 Kg7 43. b4 Qb2 44. Ke2 Qa1 45. Kf2 Qb2 46.
Ke2 Qa1 47. Kf2 Kf6 48. c5 bxc5 49. bxc5 Qb2 50. Ke2 Ke5 51. Kd3 Qxd2+ 52. Kxd2 Kd5 53. Kc3 Kxc5 54. Kb3 e5 55. Kxa3 f5 56. Kb3 Kd4 57.
Kc2 Ke3 58. a4 1-0

[Event "Late-Titled-Tuesday-Blitz-March-19-2024"]
[Site "Chess.com"]
[Date "2024.03.19"]
[Round "4"]
[White "Weimarraner"]
[Black "JaackCamel"]
[Result "1-0"]
[WhiteElo "2433"]
[BlackElo "2197"]
[TimeControl "180+1"]
[EndTime "14:39:40 PDT"]
[Termination "Weimarraner won by resignation"]

1. d4 d5 2. Nf3 e6 3. e3 c5 4. c3 Nf6 5. Bd3 Nc6 6. O-O Bd6 7.
Nbd2 O-O 8. dxc5 Bxc5 9. e4 h6 10. h3 b6 11. Qc2 Bb7 12. Re1 Rc8 13. e5 Nd7 14. Nb3 Be7 15. Qe2 Nc5 16. Bc2 Ba6 17. Qe3 Nd7 18. Nbd4 Qc7 19. Nxc6 Qxc6 20. Qf4 Nc5 21.
Nd4 Qc7 22. Qg3 Kh8 23. Rd1 Rg8 24. a4 Rcf8 25. Nb5 Qb8 26. Qe3 Bb7 27. Nd4 Bg5 28.
f4 Be7 29. a5 b5 30. Nxb5 d4 31.
Nxd4 Bh4 32. b4 Nd7 33. Qd3 g6 34. Kh2 Rd8 35. g3 Be7 36. Qe3 Nf8 37. Be4 Bxe4 38.
Qxe4 Kg7 39. Re1 Rd5 40. Bb2 Nd7 41. Rad1 Rd8 42. Nc6 Qc7 43. Nxe7 Rxd1 44. Rxd1 Nf8 45. Rxd8 Qxd8 46. Nc6 Qd2+ 47. Qg2 Qd7 48. Nd4 g5 49. fxg5 Ng6 50. gxh6+ Kh7 51. Qf3 Nxe5 52. Qe4+ Ng6 53. Bc1 Qa4 54. Bd2 Qd1 55. Qg2 Qh5 56. Qf3 Qe5 57.
Qxf7+ Kh8 58. Qg7+ Qxg7 59. hxg7+ 1-0

[Event "Late-Titled-Tuesday-Blitz-March-19-2024"]
[Site "Chess.com"]
[Date "2024.03.19"]
[Round "4"]
[White "DrKerfuffle"]
[Black "TheRigos"]
[Result "0-1"]
[WhiteElo "2837"]
[BlackElo "2569"]
[TimeControl "180+1"]
[EndTime "14:39:42 PDT"]
[Termination "TheRigos won by checkmate"]

1. e4 c5 2. Nf3 Nc6 3. Bb5 g6 4. Bxc6 bxc6 5. e5 Bg7 6. O-O Nh6 7. Nc3 O-O 8. Re1 Nf5 9. Ne4 d6 10. exd6 exd6 11. d3 Rb8 12. c3 h6 13. Qc2 g5 14.
b3 a5 15. Bb2 a4 16. c4 Nd4 17.
Nxd4 cxd4 18. c5 d5 19. Nd6 Be6 20. bxa4 Qa5 21. Ba3 Ra8 22. h4 Qxa4 23. Qxa4 Rxa4 24. Bc1 gxh4 25. a3 Rb8 26. Bd2 Rb3 27. Bb4 Rxd3 28. Rad1 Rb3 29. Nb7 Ra8 30. Na5 Rxa5 31. Bxa5 Rxa3 32. Bc7 h3 33. Be5 hxg2 34. Bxg7 Kxg7 35. Rxd4 Rc3 36. Kxg2 Rxc5 37. Re3 Rc2 38. Rg3+ Kf6 39. Rf4+ Ke5 40. Rh4 c5 41. Rxh6 d4 42. Rg5+ Ke4 43.
Rh4+ Kd3 44. Kf3 c4 45. Rc5 Kc3 46. Kg3 d3 47. Kf4 d2 48. Rh1 Rc1 49. Rh3+ Kb4 50. Rch5 d1=Q 51. Rb5+ Kxb5 52. Rh4 Qd2+ 53. Kg3 Rg1+ 54.
Kf3 Qd3+ 55. Kf4 Qd4+ 56. Kf3 Qxh4 57. Ke2 Qe4+ 58. Kd2 Qd3# 0-1

[Event "Late-Titled-Tuesday-Blitz-March-19-2024"]
[Site "Chess.com"]
[Date "2024.03.19"]
[Round "4"]
[White "ahkashefi2800"]
[Black "MetiForce"]
[Result "0-1"]
[WhiteElo "2612"]
[BlackElo "2912"]
[TimeControl "180+1"]
[EndTime "14:39:43 PDT"]
[Termination "MetiForce won on time"]

1. Nf3 f5 2. b3 Nf6 3. Bb2 e6 4. c4 b6 5. g3 Bb7 6. Bg2 Be7 7. O-O O-O 8. d3 Qe8 9. e3 d6 10. Nc3 a6 11. Rc1 Nbd7 12. e4 fxe4 13. Ng5 Nc5 14. Ncxe4 Nfxe4 15. Nxe4 Nxe4 16. dxe4 Qg6 17. Qe2 h5 18. f4 h4 19. g4 e5 20. f5 Qh6 21.
Rcd1 Bg5 22. h3 a5 23. a4 g6 24. Bc1 Bf4 25. Qf2 g5 26. Bb2 Rad8 27. Qe2 Rfe8 28.
Rf3 Qh7 29. Rfd3 Qf7 30. Qf2 Kh7 31. Bc3 Qd7 32. Be1 Kg7 33. Bc3 Kg8 34. Rf1 Qc8 35. Qe1 Qa8 36. Bb2 Kh7 37. Rd1 Qc8 38. Qc3 Kh6 39.
Rde1 c6 40. Re2 d5 41. exd5 cxd5 42. cxd5 Qxc3 43. Bxc3 Bxd5 44. Bxd5 Rxd5 45. Rf3 e4 46. Rf1 Rd3 47. Bf6 Rxh3 48. Rg2 e3 49. Re1 Rf3 50.
Bd4 h3 51. Rge2 Re4 52. Kh1 Rxd4 0-1

[Event "Late-Titled-Tuesday-Blitz-March-19-2024"]
[Site "Chess.com"]
[Date "2024.03.19"]
[Round "4"]
[White "albi1999"]
[Black "HonzaVykouk"]
[Result "1-0"]
[WhiteElo "2593"]
[BlackElo "2747"]
[TimeControl "180+1"]
[EndTime "14:39:44 PDT"]
[Termination "albi1999 won by checkmate"]

1. Nf3 c5 2. c4 e6 3. Nc3 a6 4.
b3 Qc7 5. Bb2 Nf6 6. e3 Be7 7.
d4 O-O 8. Bd3 cxd4 9. exd4 b6 10. O-O Bb7 11. d5 d6 12. dxe6 fxe6 13. Ng5 Qc8 14.
Re1 e5 15. Qc2 Bxg2 16. Bxh7+ Kh8 17. Bf5 Qb7 18. Qe2 Nc6 19. Nce4 Bxe4 20. Bxe4 Qd7 21. Qf3 Ng8 22. Bxc6 Rxf3 23. Bxd7 Bxg5 24. Bc6 Raf8 25. Bxf3 Rxf3 26. Bc1 Bh4 27. Be3 Bd8 28. Rad1 Bc7 29.
Kg2 Rf7 30. Bg5 Rf5 31. h4 Kh7 32. Re3 Rf7 33. Rf3 Nf6 34. Kh3 b5 35. cxb5 axb5 36. Bxf6 gxf6 37. Rc3 f5 38. Rc6 Kg7 39. Rd5 b4 40.
Rb5 e4 41. Rb7 Bd8 42. Rxf7+ Kxf7 43. Rxd6 Bf6 44. Rb6 Bc3 45. h5 f4 46. Kg4 e3 47.
fxe3 fxe3 48. Kf3 Bd4 49. Rxb4 Bc3 50. Re4 Bd2 51. Rxe3 Ba5 52. Re5 Bc3 53. Rf5+ Ke6 54. Ke4 Bb2 55. h6 Bc3 56. h7 Bb2 57. Rf8 Bg7 58.
h8=Q Bxh8 59. Rxh8 Kd6 60. Rh5 Kc6 61. Rd5 Kb6 62.
Kd4 Ka6 63. Kc4 Kb6 64. b4 Ka6 65. a4 Kb6 66. Rd6+ Kc7 67. Kc5 Kb7 68. b5 Kc7 69. a5 Kb7 70. Rd7+ Kc8 71. Kc6 Kb8 72. b6 Kc8 73. a6 Kb8 74. Rd8# 1-0

[Event "Late-Titled-Tuesday-Blitz-March-19-2024"]
[Site "Chess.com"]
[Date "2024.03.19"]
[Round "4"]
[White "mitrabhaa"]
[Black "Lukianoo"]
[Result "1-0"]
[WhiteElo "3063"]
[BlackElo "2838"]
[TimeControl "180+1"]
[EndTime "14:39:45 PDT"]
[Termination "mitrabhaa won by resignation"]

1. Nf3 Nf6 2. c4 e6 3. e3 d5 4. Nc3 Nbd7 5. b3 Bb4 6. Bb2 O-O 7. a3 Bxc3 8. Bxc3 c6 9. Be2 Qe7 10. O-O b6 11. a4 a5 12. Bb2 Bb7 13. d4 Rfd8 14.
Rc1 c5 15. Qc2 Rac8 16. Qb1 Ne4 17. Rfd1 f5 18. cxd5 Bxd5 19. Ba1 cxd4 20. Nxd4 Rxc1 21. Rxc1 Ndc5 22. Qb2 Rd7 23. Bb5 Rc7 24. f3 Nd6 25.
Bf1 e5 26. Nb5 Nxb5 27. Bxb5 e4 28. fxe4 Nxe4 29. Rxc7 Qxc7 30. Bd3 Qe7 31. Qd4 Bxb3 32. Qxb6 Bxa4 33. Bc4+ Kh8 34. Qxa5 Be8 35. Qxf5 Nd6 36.
Qe6 Qxe6 37. Bxe6 Bf7 38. Bd7 Bg6 39. h3 Ne4 40. Bd4 h5 41. Kf1 Kh7 42. Ke2 Kg8 43. Kf3 Kf7 44. Kf4 Nf6 45. Bc6 Bd3 46. e4 g6 47. e5 Nh7 48. Bd5+ Ke7 49. Bc5+ Ke8 50. h4 Bf5 51. e6 Nf8 52. Bc6+ Kd8 53.
e7+ 1-0

[Event "Late-Titled-Tuesday-Blitz-March-19-2024"]
[Site "Chess.com"]
[Date "2024.03.19"]
[Round "4"]
[White "simaopdias"]
[Black "DeArron_Fox"]
[Result "0-1"]
[WhiteElo "2280"]
[BlackElo "2517"]
[TimeControl "180+1"]
[EndTime "14:39:48 PDT"]
[Termination "DeArron_Fox won by resignation"]

1. e4 c5 2. Nf3 e6 3. d4 cxd4 4. Nxd4 a6 5. c4 Nf6 6. Nc3 Qc7 7. Bd3 b6 8. Be3 Bb7 9. O-O Be7 10. Rc1 O-O 11. Qe2 d6 12. Rfd1 Nbd7 13. f4 Nc5 14. Bf2 Nxd3 15. Qxd3 Rac8 16. b3 Qb8 17. Qe2 Ba8 18. e5 Nd7 19. Bg3 dxe5 20. fxe5 Rfd8 21. Kh1 Nf8 22. Nf3 Ng6 23. h4 Bxf3 24. gxf3 Bxh4 25. Bxh4 Nxh4 26. Rg1 Ng6 27. Rce1 Rd4 28. Rg4 Rcd8 29. Re4 Rd2 30. Qf1 Rc2 31. Rc1 Rxc1 32. Qxc1 Nxe5 33.
Qf4 Nc6 34. Qh4 Qd6 35. Ne2 Qd1+ 36. Kg2 h6 37. Qf2 Rd2 38. Kg3 Qc2 39. Re3 Ne7 40. Rc3 Nf5+ 41. Kf4 Qd1 42. Rc1 Qxe2 43. Qxe2 Rxe2 44.
Rd1 Rxa2 45. Rd7 Kh7 46. Rxf7 Rb2 47. Rb7 Rxb3 48. Ra7 Rb4 49. Ke5 Rxc4 50. Rxa6 Rc3 51. Kxe6 Rxf3 52. Rxb6 h5 53. Rb8 h4 54. Rb2 h3 55.
Rh2 Ne3 56. Ke5 Ng4+ 57. Ke4 Nxh2 0-1

[Event "Late-Titled-Tuesday-Blitz-March-19-2024"]
[Site "Chess.com"]
[Date "2024.03.19"]
[Round "4"]
[White "inagreV"]
[Black "profedechess93"]
[Result "0-1"]
[WhiteElo "2384"]
[BlackElo "2641"]
[TimeControl "180+1"]
[EndTime "14:39:49 PDT"]
[Termination "profedechess93 won by resignation"]

1. e4 e6 2. d4 d5 3. Nc3 Nf6 4. e5 Nfd7 5. f4 c5 6. Nf3 Nc6 7. Be3 a6 8. a3 b5 9. Bd3 Qb6 10. Bf2 cxd4 11. Ne2 b4 12. Nexd4 bxa3 13. bxa3 Qa5+ 14.
Kf1 Nxd4 15. Nxd4 Nc5 16. g3 Bd7 17. Kg2 Rc8 18. Nb3 Qa4 19. f5 Nxd3 20. cxd3 exf5 21.
e6 Bxe6 22. Re1 Be7 23. Nd4 Qxd1 24. Raxd1 Kd7 25. Rb1 Rb8 26. Be3 Bd6 27. a4 Rxb1 28. Rxb1 Rb8 29. Rf1 g6 30. Rf2 Rb4 31. Ra2 Be5 32. Nc2 Rb2 33. Rxb2 Bxb2 34. Kf3 Kd6 35. Nb4 a5 36. Nc2 Bd7 37. Bb6 Bc3 38. d4 Bxa4 39.
Bc5+ Kc6 40. Ne3 Bd2 41. Nf1 Bd1+ 42. Kf2 Bh6 43. Ke1 Bf3 44. Nd2 Be4 45. Nb3 a4 46.
Na5+ Kb5 47. Nb7 Kc4 48. Nd6+ Kb3 49. Nxf7 Bc1 50. Kd1 Bb2 51. Ng5 h5 52. Ne6 Bc3 53.
Nf4 g5 54. Nxh5 Bf3+ 55. Kc1 Bxh5 56. Kb1 Be2 57. h4 Bd3+ 58. Kc1 gxh4 59. gxh4 f4 60. h5 f3 61. Bd6 f2 0-1

[Event "Late-Titled-Tuesday-Blitz-March-19-2024"]
[Site "Chess.com"]
[Date "2024.03.19"]
[Round "4"]
[White "olga-belka"]
[Black "subham777"]
[Result "0-1"]
[WhiteElo "2302"]
[BlackElo "2528"]
[TimeControl "180+1"]
[EndTime "14:39:52 PDT"]
[Termination "subham777 won on time"]

1. e4 e6 2. d4 d5 3. Nd2 c5 4.
exd5 Qxd5 5. Ngf3 cxd4 6. Bc4 Qd7 7. O-O Nc6 8. Re1 Nf6 9. Nb3 a6 10. Nbxd4 Nxd4 11. Qxd4 Qxd4 12. Nxd4 Bd7 13. a4 Bc5 14. Nb3 Ba7 15. Be3 Bxe3 16. Rxe3 O-O 17. a5 Rac8 18. Bd3 Nd5 19. Re4 Bc6 20. Nd4 Rfd8 21. Nxc6 Rxc6 22.
Rc4 Rxc4 23. Bxc4 Nf4 24. Kf1 Rd2 25. Rc1 g5 26. Ke1 Rd4 27. Bf1 Ra4 28. g3 Nd5 29. c4 Nb4 30. Rd1 Rxa5 31. Rd7 Ra1+ 32. Ke2 b5 33. cxb5 axb5 34. Rb7 Nc6 35. Bg2 Nd4+ 36. Kd3 Rd1+ 37. Ke4 Nf5 38. Ke5 Nd6 39. Rb8+ Kg7 40. b3 Rd2 41. Bc6 Nf5 42. g4 Re2+ 43.
Be4 Ne7 44. Rxb5 Rxf2 45. Rb7 Ng6+ 46. Kd4 Rxh2 47. b4 e5+ 48. Kc5 Re2 49. Bf5 h5 50.
gxh5 Nh4 51. Be6 Rc2+ 52. Kd6 e4 0-1

[Event "Late-Titled-Tuesday-Blitz-March-19-2024"]
[Site "Chess.com"]
[Date "2024.03.19"]
[Round "4"]
[White "emeli_chess"]
[Black "Vadim_Galchenko"]
[Result "0-1"]
[WhiteElo "2418"]
[BlackElo "2605"]
[TimeControl "180+1"]
[EndTime "14:39:55 PDT"]
[Termination "Vadim_Galchenko won by resignation"]

1. d4 d5 2. c4 Nc6 3. e3 e5 4. dxe5 d4 5. a3 Be6 6. Nf3 dxe3 7. Qxd8+ Rxd8 8. Bxe3 Nge7 9. Nc3 Nf5 10. Bg5 Rd7 11. Rd1 Ncd4 12. Nxd4 Nxd4 13. Nd5 Nc2+ 14. Kd2 Nd4 15.
Kc3 c5 16. Be3 Bxd5 17. cxd5 Rxd5 18. Bxd4 cxd4+ 19. Rxd4 Rxe5 20. Bd3 Bc5 21. Re4 Rxe4 22. Bxe4 Bxf2 23. Bxb7 Ke7 24. Rf1 Bb6 25. Bd5 f6 26. b4 Rc8+ 27. Bc4 Bc7 28. Kb3 Bxh2 29. Rh1 Be5 30. Rxh7 f5 31. Rh5 Kf6 32. Rh3 Rd8 33. Rd3 Rh8 34. Rd7 Rh2 35. Rxa7 Rxg2 36. Rf7+ Kg6 37.
Re7 Bf6 38. Re6 f4 39. Bd5 Rb2+ 40. Kc4 Rc2+ 41. Kb5 Rd2 42. Bc6 Kg5 43. a4 Kf5 44. Re8 g5 45. a5 g4 46. a6 Ra2 47. Bd5 Ra1 48. Be4+ Kg5 49. Rg8+ Kh4 50. Rf8 Bd4 51. Rf7 f3 52. Bxf3 gxf3 53. Rxf3 Kg4 54. Rd3 Bg1 55.
Rd7 Kf5 56. Kc6 Ke6 57. b5 Rc1+ 58. Kb7 Kxd7 59. b6 Rb1 60. a7 Rxb6+ 61. Ka8 Ra6 62. Kb7 Rxa7+ 63. Kb8 Ra1 64. Kb7 Rb1+ 0-1

[Event "Late-Titled-Tuesday-Blitz-March-19-2024"]
[Site "Chess.com"]
[Date "2024.03.19"]
[Round "4"]
[White "Mikhail_Bryakin"]
[Black "Sandstad"]
[Result "1/2-1/2"]
[WhiteElo "2700"]
[BlackElo "2507"]
[TimeControl "180+1"]
[EndTime "14:39:57 PDT"]
[Termination "Game drawn by 50-move rule"]

1. Nf3 Nf6 2. e3 e6 3. c4 d5 4. b3 b6 5. Bb2 Bb7 6. Be2 Nbd7 7. O-O Bd6 8. cxd5 exd5 9. d4 O-O 10. Ne5 Qe7 11. Nxd7 Qxd7 12. Nd2 Rfe8 13. Bd3 Ng4 14.
Nf3 Qe6 15. h3 Nf6 16. Ne5 Nd7 17. f4 f6 18. Qh5 Nf8 19. Ng4 Qf7 20. Qxf7+ Kxf7 21. Rae1 Re7 22. Ne5+ Kg8 23. Nf3 Rae8 24. Kf2 a6 25. g3 g6 26. g4 Nd7 27. f5 Kg7 28.
Nh4 g5 29. Nf3 h6 30. h4 Rh8 31.
hxg5 hxg5 32. Rh1 Ree8 33. Bc1 Kf7 34. a4 Kg7 35. Bd2 Kf7 36. b4 Kg7 37. b5 a5 38. Rc1 Rxh1 39. Rxh1 Rh8 40. Rxh8 Kxh8 41. Bc2 Kg7 42. Bb3 Nb8 43. Ng1 c5 44. dxc5 Bxc5 45. Ne2 Nd7 46. Nd4 Bxd4 47. exd4 Kf7 48. Ke3 Ke7 49.
Be1 Kf7 50. Bg3 Ke7 51. Bc7 Kf7 52. Kd2 Ke8 53. Kc3 Kf7 54. Bd1 Ke8 55. Bf3 Kf7 56. Bd6 Ke8 57. Kd2 Kf7 58. Ke3 Ke8 59. Bd1 Kf7 60. Bc2 Ke8 61. Bg3 Kf7 62. Bb3 Ke8 63. Bc7 Kf7 64. Bd6 Ke8 65. Bc2 Kf7 66. Kd2 Ke8 67.
Ke1 Kf7 68. Bd1 Ke8 69. Be2 Kf7 70. Bf1 Ke8 71. Bg2 Kf7 72. Bc7 Ke8 73. Bf3 Kf7 74. Kf2 Ke7 75. Kg3 Kf7 76. Kg2 Ke7 77. Kg1 Kf7 78.
Kf1 Ke7 79. Be2 Kf7 80. Bd3 Ke7 81. Ke1 Kf7 82. Bd6 Ke8 83. Bc2 Kf7 84. Bb3 Ke8 85. Bg3 Kf7 86. Kd1 Ke8 87. Be1 Kf7 88. Bc2 Ke8 89. Bd3 Kf7 90. Bf1 Ke8 91. Bg2 Kf7 92.
Kd2 Ke7 93. Kc2 Kf7 94. Kb3 Ke7 95. Bg3 Kf7 96. Bd6 Ke8 97. Bf1 1/2-1/2

[Event "Late-Titled-Tuesday-Blitz-March-19-2024"]
[Site "Chess.com"]
[Date "2024.03.19"]
[Round "4"]
[White "nihalsarin"]
[Black "Seochesspie"]
[Result "0-1"]
[WhiteElo "3159"]
[BlackElo "2877"]
[TimeControl "180+1"]
[EndTime "14:39:58 PDT"]
[Termination "Seochesspie won by resignation"]

1. g4 d5 2. Bg2 g6 3. h3 Bg7 4. c4 d4 5. Qb3 Nc6 6. Bxc6+ bxc6 7. Qf3 Bb7 8. d3 e5 9. g5 Rb8 10. Nd2 c5 11. Ne4 Ne7 12. h4 Nf5 13. Qg4 Nd6 14. f3 Nxe4 15. fxe4 Qe7 16. Nf3 O-O 17.
h5 Rfe8 18. Qh4 Bc8 19. b3 a5 20. Bd2 a4 21. Kf2 axb3 22. axb3 Rxb3 23. Rh2 f5 24. hxg6 hxg6 25. Qh7+ Kf7 26. Ra6 Rb6 27. Rxb6 cxb6 28. Rh6 Qd6 29. Nh4 Rh8 30. Qxg6+ Qxg6 31. Nxg6 Re8 32. exf5 Bxh6 33. gxh6 Bxf5 34. Nh4 Bh7 35. Nf3 Kg6 36. Nh4+ Kh5 37. Nf3 e4 38. dxe4 Bxe4 39. Ng5 Bg6 40. Nh3 Kg4 41. Ng5 Rf8+ 42. Ke1 Rh8 43.
Nf3 Kf5 44. Nh4+ Kf6 45. Bf4 Bf7 46. Kd2 Rh7 47. Nf3 Bxc4 48. Ng5 Rxh6 49. Ne4+ Kf5 50.
Bxh6 Kxe4 51. e3 d3 52. Bf8 Be6 53. Bd6 Bf5 54. Bc7 b5 55. Bb6 Kd5 56. Kc3 Be4 57. Ba5 b4+ 58. Kd2 Kc4 59. Bd8 Kb3 60. Bf6 c4 0-1

[Event "Late-Titled-Tuesday-Blitz-March-19-2024"]
[Site "Chess.com"]
[Date "2024.03.19"]
[Round "4"]
[White "mind1mover"]
[Black "ArmanGhevondyanchess"]
[Result "1-0"]
[WhiteElo "2816"]
[BlackElo "2598"]
[TimeControl "180+1"]
[EndTime "14:39:58 PDT"]
[Termination "mind1mover won by resignation"]

1. e4 c5 2. Nf3 Nc6 3. d4 cxd4 4.
Nxd4 g6 5. c4 Bg7 6. Be3 Nf6 7.
Nc3 O-O 8. Be2 d6 9. O-O Bd7 10.
f3 Nxd4 11. Bxd4 a5 12. Rc1 Bc6 13. Qd2 Nd7 14. Be3 a4 15. Rfd1 Qa5 16. Nd5 Bxd5 17. cxd5 Nc5 18. Qxa5 Rxa5 19. Rc2 b6 20. Rb1 f5 21. b4 axb3 22. axb3 Ra3 23. exf5 Rxf5 24.
Bc4 h5 25. Re2 b5 26. Bxc5 dxc5 27. d6+ bxc4 28. dxe7 Ra8 29. e8=Q+ Rxe8 30. Rxe8+ Kf7 31. Re2 Bd4+ 32. Kf1 c3 33. Rc2 Rf6 34. Ke2 Rb6 35. Kd3 Kf6 36. b4 Be5 37. b5 g5 38. Kc4 Bd4 39. Ra1 Kf5 40. Ra6 Rb8 41. b6 g4 42.
fxg4+ hxg4 43. Rxc3 Bxc3 44. Kxc3 Ke5 45. Kc4 Kd6 46. b7+ Kc7 47. Rg6 Rh8 48. Rg7+ Kb8 49. Kxc5 Rxh2 50. Rxg4 Kxb7 51. Kd6 Rh6+ 52. Kd7 Rh7+ 53.
Ke6 Kc6 54. Rc4+ Kb5 55. Rc2 Rg7 56. Kf6 Rg3 57. Kf5 Kb6 58. Kf4 Rg6 59. g4 Rg8 60. g5 Rf8+ 61. Kg4 Rg8 62. Kf5 Rf8+ 63. Kg6 Rg8+ 64.
Kf6 Rf8+ 65. Ke7 Rg8 66. Rg2 Rc8 67. g6 Rc7+ 68. Kf8 Rc8+ 69. Kf7 Rc7+ 70. Kf6 Rc6+ 71.
Kg5 Rc2 72. Rxc2 1-0

[Event "Late-Titled-Tuesday-Blitz-March-19-2024"]
[Site "Chess.com"]
[Date "2024.03.19"]
[Round "4"]
[White "fen_fire"]
[Black "ViktoriyaTarasova"]
[Result "0-1"]
[WhiteElo "2518"]
[BlackElo "2332"]
[TimeControl "180+1"]
[EndTime "14:40:00 PDT"]
[Termination "ViktoriyaTarasova won on time"]

1. Nf3 Nf6 2. g3 b6 3. Bg2 Bb7 4. O-O c5 5. d3 d5 6. e4 dxe4 7.
Nfd2 e5 8. Nc3 Be7 9. Ndxe4 Nxe4 10. dxe4 Nc6 11. Nd5 O-O 12. c3 Bd6 13. Qg4 Bc8 14. Qh5 Ne7 15. Rd1 Nxd5 16. Rxd5 Qe7 17. Bg5 f6 18.
Rad1 Bc7 19. Be3 Be6 20. R5d2 Rad8 21. b3 Rxd2 22. Rxd2 Rd8 23. Qd1 Rxd2 24. Qxd2 Qd6 25. Qxd6 Bxd6 26. Bf1 Kf8 27. f4 Ke7 28. Kf2 Bf7 29. Bb5 exf4 30. gxf4 Bg6 31. Bc6 Bh5 32. Bd2 h6 33. h4 Ke6 34. Bd5+ Ke7 35. c4 Bd1 36.
Kg3 Bh5 37. Bc3 Bc7 38. e5 fxe5 39. Bxe5 Bxe5 40. fxe5 Bg6 41. a3 a5 42. Bc6 Bc2 43.
Ba4 Ke6 44. Kf4 g5+ 45. hxg5 hxg5+ 46. Kxg5 Kxe5 47. Kg4 Kd4 48. Kf4 Kc3 49. Ke5 Bxb3 50. Be8 Bxc4 51. Kd6 Kd4 52. a4 Bb3 53. Kc7 c4 54.
Kxb6 c3 55. Bg6 Bxa4 56. Kxa5 Bc6 57. Kb4 Bd5 58. Bh7 Bf3 59. Kb3 Bd1+ 60. Ka2 Be2 61. Kb1 Bd3+ 62. Bxd3 Kxd3 63. Kc1 c2 0-1

[Event "Late-Titled-Tuesday-Blitz-March-19-2024"]
[Site "Chess.com"]
[Date "2024.03.19"]
[Round "4"]
[White "jefferyx"]
[Black "kleinebeer98"]
[Result "1-0"]
[WhiteElo "3102"]
[BlackElo "2867"]
[TimeControl "180+1"]
[EndTime "14:40:05 PDT"]
[Termination "jefferyx won on time"]

1. e4 e5 2. Nf3 Nc6 3. Nc3 Nf6 4. d4 exd4 5. Nxd4 Nxe4 6. Nxe4 Qe7 7. Bd3 Nxd4 8. O-O Ne6 9. Re1 d5 10. Ng3 g6 11. f4 Qf6 12. f5 gxf5 13. Nxf5 Rg8 14. Bf4 Bd7 15. Bxc7 Bc6 16. Bg3 d4 17. Rf1 Qg5 18.
Qe2 O-O-O 19. Qe5 Rd5 20. Qb8+ Kd7 21. Qxa7 Bc5 22. Qa5 Bd6 23. Qe1 Bxg3 24. Nxg3 Nf4 25. Qf2 Nxd3 26. Qxf7+ Kc8 27. cxd3 h5 28. Rf2 Rd7 29. Qf4 Qb5 30. Nf5 Qd5 31. Qe4 Qxe4 32. dxe4 Bxe4 33. Re1 d3 34. Rxe4 d2 35. Ne3 d1=Q+ 36.
Nxd1 Rxd1+ 37. Rf1 Rd2 38. Rf2 Rd1+ 39. Rf1 Rd2 40. g3 Rxb2 41. Rf2 Rxf2 42. Kxf2 Rg5 43. Rc4+ Kd7 44. Rd4+ Kc6 45. Kf3 b5 46. a4 Kc5 47.
Re4 b4 48. Kf4 Rg4+ 49. Ke3 Rxe4+ 50. Kxe4 Kc4 51. Ke3 Kc3 52. a5 b3 53. a6 b2 54.
a7 b1=Q 55. a8=Q Qg1+ 56. Kf4 Qxh2 57. Qa3+ Kd4 58. Qe3+ Kd5 59. Qe5+ Kc4 60. Kg5 Kd3 61. Qf5+ Ke3 62. Qf4+ Ke2 63. Qh4 Qg1 64. Qxh5+ Ke3 65.
g4 Qc1 66. Qh3+ Ke4+ 67. Kh5 Qc5+ 68. g5 Qf8 69. Qe6+ Kf4 70. Qf6+ 1-0